[Event "GambitGuide"]
[Site "Internet Chess Club"]
[Date "2014.10.31"]
[Round "1"]
[White "JSBach"]
[Black "JeffH"]
[Result "1-0"]
[ICCResult "Black resigns"]
[WhiteElo "1637"]
[BlackElo "1183"]
[Opening "Vienna: `Frankenstein-Dracula' variation"]
[ECO "C27"]
[NIC "VG.02"]
[Time "19:54:39"]
[TimeControl "120+12"]

1. e4 e5 2. Nc3 Nf6 3. Bc4 Nxe4 4. Qh5 Nd6 5. Bb3 Nc6 6. Nb5 g6 7. Qf3 f5 8.
Qd5 Qe7 9. Nxc7+ Kd8 10. Nxa8 b6 11. d3 Bb7 12. Nxb6 axb6 13. Qf3 Nd4 14.
Qg3 f4 15. Qg4 h5 16. Qxg6 Rh6 17. Qg8 Qf6 18. Ne2 Nxe2 19. Kxe2 Rh8 20.
Qxh8 Qxh8 21. Rg1 Nf5 22. Kd1 Qg7 23. g3 Qg4+ 24. Kd2 Qf3 25. Ke1 fxg3 26.
Bg5+ Kc7 27. hxg3 Bc5 28. Rf1 e4 29. Bf4+ Kc8 30. dxe4 Bxe4 31. Rd1 Bc6 32.
Rd3 Qe4+ 33. Kd1 Bb5 34. f3 Qe7 35. c4 Bc6 36. Re1 Qg7 37. Re8+ Kb7 38. Be5
Qf7 39. Rb8+ Ka7 40. Kd2 Bb4+ 41. Kc2 Nxg3 42. Bxg3 Bxf3 43. c5 Be4 44.
cxb6+ Ka6 45. Bxf7 {Black resigns} 1-0

[Event "GambitGuide"]
[Site "Internet Chess Club"]
[Date "2014.10.31"]
[Round "1"]
[White "JSBach"]
[Black "youngjp"]
[Result "1-0"]
[ICCResult "Black resigns"]
[WhiteElo "1637"]
[BlackElo "2054"]
[Opening "Vienna: `Frankenstein-Dracula' variation"]
[ECO "C27"]
[NIC "VG.02"]
[Time "19:58:18"]
[TimeControl "120+12"]

1. e4 e5 2. Nc3 Nf6 3. Bc4 Nxe4 4. Qh5 Nd6 5. Bb3 Nc6 6. Nb5 g6 7. Qf3 f5 8.
Qd5 Qe7 9. Nxc7+ Kd8 10. Nxa8 b6 11. d3 Bb7 12. Nxb6 axb6 13. Qf3 Nd4 14.
Qg3 f4 15. Qg4 N6f5 16. Ne2 f3 17. Bg5 fxg2 18. Bxe7+ Bxe7 19. Rg1 Nf3+ 20.
Kd1 Nxh2 21. Qh3 {Black resigns} 1-0

[Event "GambitGuide"]
[Site "Internet Chess Club"]
[Date "2014.10.31"]
[Round "1"]
[White "JSBach"]
[Black "lmenezes"]
[Result "1/2-1/2"]
[ICCResult "Game drawn by repetition"]
[WhiteElo "1637"]
[BlackElo "1552"]
[Opening "Vienna: `Frankenstein-Dracula' variation"]
[ECO "C27"]
[NIC "VG.02"]
[Time "19:55:41"]
[TimeControl "120+12"]

1. e4 e5 2. Nc3 Nf6 3. Bc4 Nxe4 4. Qh5 Nd6 5. Bb3 Nc6 6. Nb5 g6 7. Qf3 f5 8.
Qd5 Qe7 9. Nxc7+ Kd8 10. Nxa8 b6 11. d3 Bb7 12. Nxb6 axb6 13. Qf3 Bg7 14.
Be3 Nd4 15. Qh3 f4 16. Bxd4 exd4+ 17. Kf1 Nf5 18. Ne2 g5 19. Qxf5 h6 20. Re1
Qd6 21. Qf7 Be5 22. h4 g4 23. Qf5 Rf8 24. Qxg4 f3 25. Kg1 fxe2 26. Qxe2 Re8
27. f4 Qg6 28. fxe5 Rxe5 29. Rh3 Rxe2 30. Rxe2 Qg4 31. Rf2 Qd1+ 32. Rf1 Qg4
33. Rf8+ Kc7 34. Rg8 Qf4 35. Rg6 Qc1+ 36. Kh2 Qf4+ 37. Kg1 Qc1+ 38. Kf2 Qf4+
39. Kg1 Qc1+ 40. Kh2 Qf4+ 41. Kg1 Qc1+ 42. Kh2 {Game drawn by repetition}
1/2-1/2

[Event "GambitGuide"]
[Site "Internet Chess Club"]
[Date "2014.10.31"]
[Round "1"]
[White "JSBach"]
[Black "BryanL"]
[Result "1-0"]
[ICCResult "Black resigns"]
[WhiteElo "1637"]
[BlackElo "2200"]
[Opening "Vienna: `Frankenstein-Dracula' variation"]
[ECO "C27"]
[NIC "VG.02"]
[Time "19:57:27"]
[TimeControl "120+12"]

1. e4 e5 2. Nc3 Nf6 3. Bc4 Nxe4 4. Qh5 Nd6 5. Bb3 Nc6 6. Nb5 g6 7. Qf3 f5 8.
Qd5 Qe7 9. Nxc7+ Kd8 10. Nxa8 b6 11. d3 Bb7 12. Nxb6 axb6 13. Qf3 Nd4 14.
Qg3 Bg7 15. Bg5 Bf6 16. Bxf6 Qxf6 17. Ba4 b5 18. Bb3 Nxb3 19. axb3 Re8 20.
Ne2 e4 21. d4 g5 22. Qh3 h6 23. Ra7 Bc6 24. Qe3 f4 25. Qc3 e3 26. Qa5+ Ke7
27. O-O exf2+ 28. Rxf2 Ne4 29. Rf1 Kf8 30. d5 Bxd5 31. Qxb5 Bc6 32. Qb4+ Kg8
33. Qd4 Qe6 34. Qc4 Bd5 35. Qc7 Nf6 36. Nc3 Bc6 37. Kh1 f3 38. gxf3 Nh5 39.
Ne4 Bxe4 40. fxe4 Qxe4+ 41. Kg1 Qe3+ 42. Kg2 Nf4+ 43. Rxf4 gxf4 44. Qxd7 f3+
45. Kh3 Qe6+ 46. Qxe6+ Rxe6 47. Kg3 Rf6 48. Kf2 Rc6 49. c4 Rb6 50. Ra3 Kf7
51. Kxf3 Ke6 52. c5 Rb5 53. h4 Rxc5 54. Ra6+ Kf5 55. Rxh6 Rc2 56. h5 Rxb2
57. Rb6 Kg5 58. h6 Rh2 59. Kg3 Rc2 60. h7 {Black resigns} 1-0

[Event "GambitGuide"]
[Site "Internet Chess Club"]
[Date "2014.10.31"]
[Round "1"]
[White "JSBach"]
[Black "babawan"]
[Result "1-0"]
[ICCResult "Black resigns"]
[WhiteElo "1637"]
[BlackElo "1764"]
[Opening "Vienna: `Frankenstein-Dracula' variation"]
[ECO "C27"]
[NIC "VG.02"]
[Time "19:58:50"]
[TimeControl "120+12"]

1. e4 e5 2. Nc3 Nf6 3. Bc4 Nxe4 4. Qh5 Nd6 5. Bb3 Nc6 6. Nb5 g6 7. Qf3 f5 8.
Qd5 Qe7 9. Nxc7+ Kd8 10. Nxa8 b6 11. d3 Nb4 12. Bg5 Nxd5 13. Bxe7+ Nxe7 14.
d4 exd4 15. Rd1 Bb7 16. Nxb6 axb6 17. f3 Bg7 18. Ne2 Nc6 19. c3 dxc3 20.
Rxd6 cxb2 21. Bc2 Nb4 22. Bb1 Ba6 23. Rxb6 Bxe2 24. Rb8+ Ke7 25. Rxh8 Bd3
26. Rxh7 Bxb1 27. Rxg7+ Kf6 28. Rxd7 Bd3 29. Kf2 b1=Q 30. Rxb1 Bxb1 31. a4
Bd3 32. Rd4 {Black resigns} 1-0

[Event "GambitGuide"]
[Site "Internet Chess Club"]
[Date "2014.10.31"]
[Round "1"]
[White "JSBach"]
[Black "attalone"]
[Result "1-0"]
[ICCResult "Black resigns"]
[WhiteElo "1637"]
[BlackElo "1396"]
[Opening "Vienna: `Frankenstein-Dracula' variation"]
[ECO "C27"]
[NIC "VG.02"]
[Time "19:54:34"]
[TimeControl "120+12"]

1. e4 e5 2. Nc3 Nf6 3. Bc4 Nxe4 4. Qh5 Nd6 5. Bb3 Nc6 6. Nb5 g6 7. Qf3 f5 8.
Qd5 Qe7 9. Nxc7+ Kd8 10. Nxa8 b6 11. d3 Bb7 12. Nxb6 axb6 13. Qf3 Nd4 14.
Qg3 Bg7 15. Bg5 Bf6 16. Bxf6 Qxf6 17. Ba4 b5 18. Bb3 Nxb3 19. axb3 Re8 20.
Ne2 e4 21. d4 Bc6 22. Ra7 Ke7 23. Qh3 h5 24. O-O Nc8 25. Ra6 Nd6 26. Ra7 Ra8
27. Rxa8 Bxa8 28. Ra1 Bb7 29. Kf1 Bc6 30. Nf4 Kf7 31. Qg3 h4 32. Qc3 g5 33.
Ne2 Kg6 34. Re1 Qe6 35. Qh3 Qd5 36. Qe3 f4 37. Qh3 Nf5 38. Qg4 f3 39. Nf4+
{Black resigns}
1-0

[Event "GambitGuide"]
[Site "Internet Chess Club"]
[Date "2014.10.31"]
[Round "1"]
[White "JSBach"]
[Black "graccus"]
[Result "0-1"]
[ICCResult "White checkmated"]
[WhiteElo "1637"]
[BlackElo "1364"]
[Opening "Vienna: `Frankenstein-Dracula' variation"]
[ECO "C27"]
[NIC "VG.02"]
[Time "19:58:40"]
[TimeControl "120+12"]

1. e4 e5 2. Nc3 Nf6 3. Bc4 Nxe4 4. Qh5 Nd6 5. Bb3 Nc6 6. Nb5 g6 7. Qf3 f5 8.
Qd5 Qe7 9. Nxc7+ Kd8 10. Nxa8 b6 11. d3 Bb7 12. Nxb6 axb6 13. Qf3 Nd4 14.
Qh3 f4 15. Ba4 Bc6 16. Bb3 h5 17. Bd2 g5 18. Bb4 g4 19. Bxd6 Qxd6 20. Qh4+
Be7 21. Qxe7+ Qxe7 22. Kf1 f3 23. gxf3 Nxf3 24. Nxf3 Bxf3 25. Rg1 Qh4 26.
Rg3 Qxh2 27. Rg1 Qh3+ 28. Ke1 Qh2 29. Kf1 h4 30. a3 g3 31. Rxg3 hxg3 32.
fxg3 Qg2+ 33. Ke1 Rh1# {White checkmated} 0-1

[Event "GambitGuide"]
[Site "Internet Chess Club"]
[Date "2014.10.31"]
[Round "1"]
[White "JSBach"]
[Black "youngjp"]
[Result "0-1"]
[ICCResult "White checkmated"]
[WhiteElo "1637"]
[BlackElo "2054"]
[Opening "Vienna: `Frankenstein-Dracula' variation"]
[ECO "C27"]
[NIC "VG.02"]
[Time "19:59:18"]
[TimeControl "120+12"]

1. e4 e5 2. Nc3 Nf6 3. Bc4 Nxe4 4. Qh5 Nd6 5. Bb3 Nc6 6. Nb5 g6 7. Qf3 f5 8.
Qd5 Qe7 9. Nxc7+ Kd8 10. Nxa8 b6 11. d3 Bb7 12. Nxb6 axb6 13. Qf3 Nd4 14.
Qh3 e4 15. Be3 Ne6 16. Bxb6+ Ke8 17. dxe4 Nxe4 18. c3 Nf4 19. Bd8 Kxd8 20.
O-O-O Nxh3 21. Nxh3 g5 22. Ba4 d6 23. Rhe1 g4 24. Nf4 Bh6 25. g3 Bxf4+ 26.
gxf4 Kc7 27. Rd4 Ra8 28. a3 d5 29. Bc2 Qd6 30. Re3 Qxf4 31. Bd3 Qxf2 32. Re2
Qf4+ 33. Kd1 g3 34. hxg3 Qxg3 35. Re1 Nf2+ 36. Kc2 Nxd3 37. Re7+ Kc6 38.
Rxd3 Qg2+ 39. Rd2 Qg6 40. Kb3 Qd6 41. Rxh7 f4 42. Rg7 f3 43. Rf2 Qf6 44. Rg3
Rf8 45. a4 Ba6 46. Rfxf3 Qxf3 47. Rxf3 Rxf3 48. Ka2 Bc4+ 49. b3 Rxc3 50.
bxc4 Rxc4 51. Kb3 Kb6 52. Ka2 Ka5 53. Kb2 Kxa4 54. Kb1 Kb4 55. Kb2 d4 56.
Ka2 d3 57. Kb1 d2 58. Ka1 d1=Q+ 59. Kb2 Qb3+ 60. Ka1 Rc1# {White checkmated}
0-1

[Event "GambitGuide"]
[Site "Internet Chess Club"]
[Date "2014.10.31"]
[Round "1"]
[White "JSBach"]
[Black "babawan"]
[Result "1-0"]
[ICCResult "Black resigns"]
[WhiteElo "1637"]
[BlackElo "1764"]
[Opening "Vienna: `Frankenstein-Dracula' variation"]
[ECO "C27"]
[NIC "VG.02"]
[Time "20:00:10"]
[TimeControl "120+12"]

1. e4 e5 2. Nc3 Nf6 3. Bc4 Nxe4 4. Qh5 Nd6 5. Bb3 Nc6 6. Nb5 g6 7. Qf3 f5 8.
Qd5 Qe7 9. Nxc7+ Kd8 10. Nxa8 b6 11. d3 Nb4 12. Bg5 Nxd5 13. Bxe7+ Nxe7 14.
d4 exd4 15. O-O-O Nc6 16. c3 Bb7 17. Nxb6 axb6 18. cxd4 Ne4 19. d5 Ne5 20.
Nh3 d6 21. f4 Ng4 22. Rde1 Bg7 23. Bc4 Nef6 24. Re6 Kd7 25. Rhe1 Nxd5 26.
R6e2 Bf6 27. Rc2 Nde3 28. Bb5+ Kd8 29. Rd2 d5 30. Rde2 d4 31. g3 Re8 32.
Bxe8 Kxe8 33. Ng5 Bxg5 34. fxg5 Bf3 35. Rd2 Kf7 36. Rxd4 Be4 37. h3 Nf2 38.
Rxe3 Nxh3 39. Rb3 Nxg5 40. Rxb6 Kg7 41. b4 Kh6 42. a4 Nf3 43. Rd7 Kh5 44.
Rxh7+ Kg4 45. Rxg6+ {Black resigns} 1-0

[Event "GambitGuide"]
[Site "Internet Chess Club"]
[Date "2014.10.31"]
[Round "1"]
[White "JSBach"]
[Black "lmenezes"]
[Result "1-0"]
[ICCResult "Black checkmated"]
[WhiteElo "1637"]
[BlackElo "1552"]
[Opening "Vienna: `Frankenstein-Dracula' variation"]
[ECO "C27"]
[NIC "VG.02"]
[Time "20:00:09"]
[TimeControl "120+12"]

1. e4 e5 2. Nc3 Nf6 3. Bc4 Nxe4 4. Qh5 Nd6 5. Bb3 Nc6 6. Nb5 g6 7. Qf3 f5 8.
Qd5 Qe7 9. Nxc7+ Kd8 10. Nxa8 b6 11. d3 Bb7 12. Nxb6 axb6 13. Qf3 Nd4 14.
Qg3 Nxb3 15. axb3 Bg7 16. Be3 Kc7 17. Bd2 e4 18. Bg5 Qe6 19. O-O-O exd3 20.
Bf4 Be4 21. f3 Kc6 22. fxe4 Nxe4 23. Qxd3 Qf6 24. Qd5# {Black checkmated}
1-0

[Event "GambitGuide"]
[Site "Internet Chess Club"]
[Date "2014.10.31"]
[Round "1"]
[White "JSBach"]
[Black "babawan"]
[Result "1/2-1/2"]
[ICCResult "Game drawn by repetition"]
[WhiteElo "1644"]
[BlackElo "1764"]
[Opening "Vienna: `Frankenstein-Dracula' variation"]
[ECO "C27"]
[NIC "VG.02"]
[Time "20:02:48"]
[TimeControl "120+12"]

1. e4 e5 2. Nc3 Nf6 3. Bc4 Nxe4 4. Qh5 Nd6 5. Bb3 Nc6 6. Nb5 g6 7. Qf3 f5 8.
Qd5 Qe7 9. Nxc7+ Kd8 10. Nxa8 b6 11. d3 Bb7 12. Nxb6 axb6 13. Qf3 Nd4 14.
Qg3 Bg7 15. Bg5 Bf6 16. Bxf6 Qxf6 17. Ba4 Bc6 18. Bb3 Nxb3 19. axb3 f4 20.
Qh3 Qf5 21. f3 Qxh3 22. Nxh3 h6 23. d4 exd4 24. Nxf4 Rg8 25. Kd2 Nf5 26. Ra7
g5 27. Nd3 Re8 28. Rha1 Ke7 29. R1a6 Kd6 30. Rxb6 Ne3 31. Rb4 Nxg2 32. Rxd4+
Ke7 33. f4 Nxf4 34. Nxf4 gxf4 35. Rxf4 Kd6 36. Rf6+ Ke5 37. Rxh6 Rg8 38.
Rh5+ Ke6 39. Rh6+ Ke5 40. Rh5+ Ke6 41. Rh6+ Ke5 42. Rh5+ Ke6 43. Rh6+ Ke5
44. Rh5+ {Game drawn by repetition} 1/2-1/2

[Event "GambitGuide"]
[Site "Internet Chess Club"]
[Date "2014.10.31"]
[Round "1"]
[White "JSBach"]
[Black "youngjp"]
[Result "0-1"]
[ICCResult "White checkmated"]
[WhiteElo "1644"]
[BlackElo "2054"]
[Opening "Vienna: `Frankenstein-Dracula' variation"]
[ECO "C27"]
[NIC "VG.02"]
[Time "20:02:00"]
[TimeControl "120+12"]

1. e4 e5 2. Nc3 Nf6 3. Bc4 Nxe4 4. Qh5 Nd6 5. Bb3 Nc6 6. Nb5 g6 7. Qf3 f5 8.
Qd5 Qe7 9. Nxc7+ Kd8 10. Nxa8 b6 11. d3 Bb7 12. Nxb6 axb6 13. Qf3 Nd4 14.
Qg3 f4 15. Qg4 N6f5 16. Ne2 Bg7 17. Nxd4 Nxd4 18. Bd2 f3 19. Bg5 Bf6 20.
Bxf6 Qxf6 21. g3 h5 22. Qh3 g5 23. Ba4 g4 24. Qh4 Qxh4 25. gxh4 Nf5 26. Rc1
Nxh4 27. Kd2 Ng2 28. c4 Nf4 29. c5 bxc5 30. Rxc5 d6 31. Rc3 h4 32. Bc6 Bxc6
33. Rxc6 Kd7 34. Rhc1 Ke6 35. a4 g3 36. hxg3 hxg3 37. fxg3 Rh2+ 38. Ke3 Ne2
39. R1c2 Kd5 40. b4 Rh8 41. Rc8 Rh7 42. a5 Nd4 43. R2c7 Rh2 44. Rc5+ dxc5
45. Rd8+ Ke6 46. Rxd4 cxd4+ 47. Kxf3 Ra2 48. Kg4 Kd5 49. Kh5 Kc6 50. g4 Kb5
51. g5 Kxb4 52. a6 Rxa6 53. g6 Rxg6 54. Kxg6 Kc3 55. Kf5 Kxd3 56. Kxe5 Ke3
57. Ke6 d3 58. Kf5 d2 59. Kf6 d1=Q 60. Ke6 Qh5 61. Kd6 Qf5 62. Ke7 Qg6 63.
Kd7 Qf6 64. Kc7 Qe6 65. Kb8 Qd7 66. Ka8 Kd4 67. Kb8 Kc5 68. Ka8 Kb6 69. Kb8
Qb7# {White checkmated} 0-1

[Event "GambitGuide"]
[Site "Internet Chess Club"]
[Date "2014.10.31"]
[Round "1"]
[White "JSBach"]
[Black "leonardoalmeida"]
[Result "1/2-1/2"]
[ICCResult "Game drawn by repetition"]
[WhiteElo "1644"]
[BlackElo "1843"]
[Opening "Vienna: `Frankenstein-Dracula' variation"]
[ECO "C27"]
[NIC "VG.02"]
[Time "19:58:51"]
[TimeControl "120+12"]

1. e4 e5 2. Nc3 Nf6 3. Bc4 Nxe4 4. Qh5 Nd6 5. Bb3 Nc6 6. Nb5 g6 7. Qf3 f5 8.
Qd5 Qe7 9. Nxc7+ Kd8 10. Nxa8 b6 11. d3 Bb7 12. Nxb6 axb6 13. Qf3 Nd4 14.
Qg3 f4 15. Qg4 Bg7 16. Ba4 Bc6 17. Bb3 Qf6 18. Bd2 h5 19. Qh3 g5 20. f3 Qg6
21. Bc3 g4 22. Qh4+ Bf6 23. Qf2 g3 24. hxg3 fxg3 25. Qe3 Bg5 26. Qxe5 Re8
27. Bxd4 Rxe5+ 28. Bxe5 Qe8 29. d4 Nf7 30. Rxh5 Be3 31. Ne2 Nxe5 32. Rxe5
Bf2+ 33. Kd1 Qh8 34. Rc1 Qh1+ 35. Kd2 Qxg2 36. d5 Bb7 37. Rf5 Bc5 38. Re1
Qf2 39. Kd1 g2 40. Ng1 Qd4+ 41. Kc1 Qf2 42. Rfe5 Kc7 43. R5e4 Qg3 44. f4
Bxg1 45. Rxg1 Qf2 46. Ree1 Qxf4+ 47. Kb1 Qg5 48. Re2 Bxd5 49. Bxd5 Qxd5 50.
b3 Qd4 51. Rexg2 d5 52. Rg4 Qd2 53. Rg7+ Kc6 54. R1g6+ Kc5 55. Rc7+ Kd4 56.
c3+ Ke5 57. Re7+ Kf5 58. Rxb6 Qxc3 59. a4 d4 60. Rb5+ Kf6 61. Re2 d3 62.
Rf2+ Ke6 63. Rh2 Qe1+ 64. Ka2 d2 65. Rh6+ Kf7 66. Rb7+ Kg8 67. Rg6+ Kf8 68.
Rh6 Kg8 69. Rg6+ Kf8 70. Rh6 Kg8 71. Rc6 Qc1 72. Rg6+ Kf8 73. Rf6+ Ke8 74.
Re6+ Kd8 75. Rd6+ Kc8 76. Rbd7 Qc2+ 77. Ka3 Qc5+ 78. Kb2 Qc1+ 79. Ka2 Qc2+
80. Ka3 Qc1+ 81. Kb4 d1=Q 82. Rxd1 Qf4+ 83. R1d4 Qe5 84. a5 Qe1+ 85. Rd2
Qe4+ 86. R2d4 Qe1+ 87. Rd2 Qe4+ 88. R2d4 Qe1+ {Game drawn by repetition}
1/2-1/2

[Event "GambitGuide"]
[Site "Internet Chess Club"]
[Date "2014.10.31"]
[Round "1"]
[White "JSBach"]
[Black "LisaTr"]
[Result "1-0"]
[ICCResult "Black checkmated"]
[WhiteElo "1644"]
[BlackElo "1739"]
[Opening "Vienna: `Frankenstein-Dracula' variation"]
[ECO "C27"]
[NIC "VG.02"]
[Time "20:04:00"]
[TimeControl "120+12"]

1. e4 e5 2. Nc3 Nf6 3. Bc4 Nxe4 4. Qh5 Nd6 5. Bb3 Nc6 6. Nb5 g6 7. Qf3 f5 8.
Qd5 Qe7 9. Nxc7+ Kd8 10. Nxa8 b6 11. d3 Bb7 12. Nxb6 axb6 13. Qf3 e4 14. Qe3
exd3 15. cxd3 Bg7 16. Bd5 Re8 17. Ne2 Qf6 18. Qxb6+ Kc8 19. Be3 f4 20. Bxc6
Bxc6 21. Qa6+ Kc7 22. Bb6+ Kb8 23. Qa7+ Kc8 24. Qc7# {Black checkmated} 1-0

[Event "GambitGuide"]
[Site "Internet Chess Club"]
[Date "2014.10.31"]
[Round "1"]
[White "JSBach"]
[Black "trivialpursuit"]
[Result "1-0"]
[ICCResult "Black resigns"]
[WhiteElo "1644"]
[BlackElo "1634"]
[Opening "Vienna: `Frankenstein-Dracula' variation"]
[ECO "C27"]
[NIC "VG.02"]
[Time "19:59:23"]
[TimeControl "120+12"]

1. e4 e5 2. Nc3 Nf6 3. Bc4 Nxe4 4. Qh5 Nd6 5. Bb3 Nc6 6. Nb5 g6 7. Qf3 f5 8.
Qd5 Qe7 9. Nxc7+ Kd8 10. Nxa8 b6 11. d3 Bb7 12. Nxb6 axb6 13. Qf3 Nd4 14.
Qh3 Bg7 15. Be3 f4 16. Bxd4 exd4+ 17. Kf1 Qf6 18. Re1 h6 19. Nf3 Re8 20.
Rxe8+ Kxe8 21. Rg1 Qf5 22. Qxf5 gxf5 23. Ke2 Ke7 24. Re1 Kf6 25. Rg1 Nf7 26.
Nxd4 Ne5 27. h3 h5 28. a3 h4 29. g3 fxg3 30. fxg3 Ng6 31. Rf1 f4 32. gxh4
Bh6 33. h5 Ne5 34. Re1 Nf7 35. h4 Ne5 36. Rg1 Bc6 37. Nxc6 dxc6 38. d4 f3+
39. Kf2 {Black resigns} 1-0

[Event "GambitGuide"]
[Site "Internet Chess Club"]
[Date "2014.10.31"]
[Round "1"]
[White "JSBach"]
[Black "babawan"]
[Result "1-0"]
[ICCResult "Black resigns"]
[WhiteElo "1644"]
[BlackElo "1764"]
[Opening "Vienna: `Frankenstein-Dracula' variation"]
[ECO "C27"]
[NIC "VG.02"]
[Time "20:04:24"]
[TimeControl "120+12"]

1. e4 e5 2. Nc3 Nf6 3. Bc4 Nxe4 4. Qh5 Nd6 5. Bb3 Nc6 6. Nb5 g6 7. Qf3 f5 8.
Qd5 Qe7 9. Nxc7+ Kd8 10. Nxa8 b6 11. d3 Bg7 12. Nh3 Bf6 13. Ba4 Bb7 14. Nxb6
axb6 15. Qb3 Qe6 16. Bg5 Bxg5 17. Qxb6+ Ke7 18. Nxg5 Qd5 19. f3 e4 20. dxe4
fxe4 21. Nxe4 Nxe4 22. Rd1 Qe6 23. Bb3 Qe5 24. Rd5 Qxb2 25. fxe4 Qc1+ 26.
Rd1 Qf4 27. Bd5 Rf8 28. Rd3 Qf2+ 29. Qxf2 {Black resigns} 1-0

[Event "GambitGuide"]
[Site "Internet Chess Club"]
[Date "2014.10.31"]
[Round "1"]
[White "JSBach"]
[Black "leonardoalmeida"]
[Result "0-1"]
[ICCResult "White checkmated"]
[WhiteElo "1644"]
[BlackElo "1843"]
[Opening "Vienna: `Frankenstein-Dracula' variation"]
[ECO "C27"]
[NIC "VG.02"]
[Time "20:04:55"]
[TimeControl "120+12"]

1. e4 e5 2. Nc3 Nf6 3. Bc4 Nxe4 4. Qh5 Nd6 5. Bb3 Nc6 6. Nb5 g6 7. Qf3 f5 8.
Qd5 Qe7 9. Nxc7+ Kd8 10. Nxa8 b6 11. d3 Bb7 12. Nxb6 axb6 13. Qf3 Nd4 14.
Qh3 f4 15. Ba4 Bc6 16. Bb3 Qf6 17. Qg4 Be7 18. Bd2 h5 19. Qh3 g5 20. f3 Qg7
21. Bb4 g4 22. fxg4 hxg4 23. Qxh8+ Qxh8 24. Bxd6 Bxd6 25. Kf1 f3 26. gxf3
Nxf3 27. Nxf3 Bxf3 28. Rg1 Qxh2 29. Re1 Bc5 30. d4 Bxd4 31. Re3 Bxe3 32. Rg2
Qxg2+ 33. Ke1 Qe2# {White checkmated} 0-1

[Event "GambitGuide"]
[Site "Internet Chess Club"]
[Date "2014.10.31"]
[Round "1"]
[White "JSBach"]
[Black "youngjp"]
[Result "1-0"]
[ICCResult "Black resigns"]
[WhiteElo "1644"]
[BlackElo "2054"]
[Opening "Vienna: `Frankenstein-Dracula' variation"]
[ECO "C27"]
[NIC "VG.02"]
[Time "20:05:12"]
[TimeControl "120+12"]

1. e4 e5 2. Nc3 Nf6 3. Bc4 Nxe4 4. Qh5 Nd6 5. Bb3 Nc6 6. Nb5 g6 7. Qf3 f5 8.
Qd5 Qe7 9. Nxc7+ Kd8 10. Nxa8 b6 11. d3 Bb7 12. Nxb6 axb6 13. Qf3 Nd4 14.
Qg3 f4 15. Qg4 N6f5 16. Ne2 Bg7 17. Nxd4 Nxd4 18. O-O f3 19. g3 Qf6 20. Bg5
{Black resigns}
1-0

[Event "GambitGuide"]
[Site "Internet Chess Club"]
[Date "2014.10.31"]
[Round "1"]
[White "JSBach"]
[Black "babawan"]
[Result "1-0"]
[ICCResult "Black resigns"]
[WhiteElo "1644"]
[BlackElo "1764"]
[Opening "Vienna: `Frankenstein-Dracula' variation"]
[ECO "C27"]
[NIC "VG.02"]
[Time "20:05:37"]
[TimeControl "120+12"]

1. e4 e5 2. Nc3 Nf6 3. Bc4 Nxe4 4. Qh5 Nd6 5. Bb3 Nc6 6. Nb5 g6 7. Qf3 f5 8.
Qd5 Qe7 9. Nxc7+ Kd8 10. Nxa8 b6 11. d3 h5 12. Nf3 Bh6 13. Bxh6 Rxh6 14.
Qg8+ Qe8 15. Qg7 Rh8 16. Qf6+ Ne7 17. Qxd6 {Black resigns} 1-0

[Event "GambitGuide"]
[Site "Internet Chess Club"]
[Date "2014.10.31"]
[Round "1"]
[White "JSBach"]
[Black "babawan"]
[Result "1-0"]
[ICCResult "Black resigns"]
[WhiteElo "1644"]
[BlackElo "1764"]
[Opening "Vienna: `Frankenstein-Dracula' variation"]
[ECO "C27"]
[NIC "VG.02"]
[Time "20:06:20"]
[TimeControl "120+12"]

1. e4 e5 2. Nc3 Nf6 3. Bc4 Nxe4 4. Qh5 Nd6 5. Bb3 Nc6 6. Nb5 g6 7. Qf3 f5 8.
Qd5 Qe7 9. Nxc7+ Kd8 10. Nxa8 b6 11. d3 Nb4 12. Bg5 Nxd5 13. Bxe7+ Nxe7 14.
d4 Bb7 15. dxe5 Ne4 16. f3 Ng5 17. h4 Ne6 18. O-O-O Bxa8 19. Bxe6
{Black resigns}
1-0

[Event "GambitGuide"]
[Site "Internet Chess Club"]
[Date "2014.10.31"]
[Round "1"]
[White "JSBach"]
[Black "youngjp"]
[Result "1-0"]
[ICCResult "Black resigns"]
[WhiteElo "1644"]
[BlackElo "2054"]
[Opening "Vienna: `Frankenstein-Dracula' variation"]
[ECO "C27"]
[NIC "VG.02"]
[Time "20:05:59"]
[TimeControl "120+12"]

1. e4 e5 2. Nc3 Nf6 3. Bc4 Nxe4 4. Qh5 Nd6 5. Bb3 Nc6 6. Nb5 g6 7. Qf3 f5 8.
Qd5 Qe7 9. Nxc7+ Kd8 10. Nxa8 b6 11. d3 Bb7 12. Nxb6 axb6 13. Qf3 Nd4 14.
Qg3 f4 15. Qg4 N6f5 16. c3 Nc6 17. Ne2 Qf6 18. d4 h5 19. Qf3 Na5 20. Bd5 Nh4
21. Qe4 Nc6 22. dxe5 Qf5 23. Qxf5 gxf5 24. Bxf4 Na5 25. Bg5+ Be7 26. Bxe7+
Kxe7 27. Nf4 Bxd5 28. Nxd5+ Ke6 29. Nxb6 Nxg2+ 30. Kf1 Nf4 31. Rd1 Kxe5 32.
Nxd7+ Ke6 33. b4 Nc6 34. Nc5+ Kf6 35. Rd6+ {Black resigns} 1-0

[Event "GambitGuide"]
[Site "Internet Chess Club"]
[Date "2014.10.31"]
[Round "1"]
[White "JSBach"]
[Black "leonardoalmeida"]
[Result "0-1"]
[ICCResult "White checkmated"]
[WhiteElo "1644"]
[BlackElo "1843"]
[Opening "Vienna: `Frankenstein-Dracula' variation"]
[ECO "C27"]
[NIC "VG.02"]
[Time "20:05:56"]
[TimeControl "120+12"]

1. e4 e5 2. Nc3 Nf6 3. Bc4 Nxe4 4. Qh5 Nd6 5. Bb3 Nc6 6. Nb5 g6 7. Qf3 f5 8.
Qd5 Qe7 9. Nxc7+ Kd8 10. Nxa8 b6 11. d3 Bb7 12. Nxb6 axb6 13. Qf3 Nd4 14.
Qg3 f4 15. Qg4 Qf6 16. Ba4 Bc6 17. Bb3 Be7 18. Ne2 h5 19. Qh3 Nxe2 20. Kxe2
g5 21. f3 Qg7 22. Kd1 g4 23. fxg4 hxg4 24. Qxh8+ Qxh8 25. Rg1 Qxh2 26. Re1
Qxg2 27. Bd2 f3 28. Be3 f2 29. Bxb6+ Kc8 30. Bxf2 Qxf2 31. Rxe5 Bf3+ 32. Kc1
Kd8 33. Rxe7 Kxe7 34. c3 g3 35. Bd1 Bxd1 36. Kxd1 g2 37. b3 g1=Q#
{White checkmated}
0-1

[Event "GambitGuide"]
[Site "Internet Chess Club"]
[Date "2014.10.31"]
[Round "1"]
[White "JSBach"]
[Black "babawan"]
[Result "1-0"]
[ICCResult "Black resigns"]
[WhiteElo "1644"]
[BlackElo "1764"]
[Opening "Vienna: `Frankenstein-Dracula' variation"]
[ECO "C27"]
[NIC "VG.02"]
[Time "20:06:56"]
[TimeControl "120+12"]

1. e4 e5 2. Nc3 Nf6 3. Bc4 Nxe4 4. Qh5 Nd6 5. Bb3 Nc6 6. Nb5 g6 7. Qf3 f5 8.
Qd5 Qe7 9. Nxc7+ Kd8 10. Nxa8 b6 11. d3 Nb4 12. Qf3 Bg7 13. Qg3 Bf6 14. Bd2
Bb7 15. Bxb4 Bxa8 16. Bc4 Bc6 17. a4 a5 18. Ba3 Nxc4 19. Bxe7+ {Black
resigns} 1-0